 Dungeon Crawl Stone Soup version 0.17.0-1-g61d176b (webtiles) character file.

1547 dvd the Skirmisher (level 8, 0/64 HPs)
             Began as a Demonspawn Abyssal Knight on Nov 7, 2015.
             Was a Priest of Lugonu.
             Slain by a gnoll
             ... wielding a +0 spear
              (5 damage)
             ... on level 6 of the Dungeon.
             The game lasted 00:29:38 (6265 turns).

dvd the Skirmisher (Demonspawn Abyssal Knight)      Turns: 6265, Time: 00:29:38

Health: 0/64       AC: 12    Str: 15    XL:     8   Next: 57%
Magic:  3/10       EV: 13    Int: 17    God:    Lugonu [***...]
Gold:   302        SH:  0    Dex: 13    Spells: 1 memorised, 7 levels left

rFire  + . .     SeeInvis .     b - +2 falchion (protect)
rCold  + . .     Clarity  .     y - +0 leather armour
rNeg   + . .     SustAt   .     (no shield)
rPois  .         Gourm    .     (no helmet)
rElec  .         Spirit   .     g - +1 cloak
rCorr  .         Warding  +     (no gloves)
rMut   .         Stasis   .     (no boots)
MR     .....                    H - amulet of warding
Stlth  +.........               I - ring of protection from cold
                                w - +4 ring of intelligence

@: glowing, not resistant to hostile enchantments, very unstealthy
A: hooves 2, thin metallic scales 1, demonic guardian 1, fire resistance 1
a: Depart the Abyss, Bend Space, Banish, Renounce Religion


You were on level 6 of the Dungeon.
You worshipped Lugonu.
Lugonu was most pleased with you.
You were very hungry.

You visited 2 branches of the dungeon, and saw 7 of its levels.
You visited the Abyss 1 time.

You collected 302 gold pieces.

Inventory:

Hand Weapons
 a - a +0 war axe
 b - a +2 falchion of protection (weapon)
 p - a +0 shortbow
 B - a +0 hunting sling
 C - a +1 dagger of electrocution
 J - a +1 hand axe
Missiles
 f - 13 arrows of frost
 l - 66 arrows
 o - 41 sling bullets
 q - 3 javelins of penetration
 x - 7 tomahawks (quivered)
 K - 6 javelins
Armour
 g - a +1 cloak (worn)
 u - a +0 chain mail
 y - a +0 leather armour (worn)
 E - a fire dragon hide
Jewellery
 h - an uncursed amulet of stasis
 w - a +4 ring of intelligence (left hand)
 H - an amulet of warding (around neck)
 I - a ring of protection from cold (right hand)
Wands
 t - a wand of disintegration (5)
 F - a wand of flame (19)
Scrolls
 i - 2 scrolls of teleportation
 k - a scroll of remove curse
 n - 4 scrolls of identify
 s - a scroll of magic mapping
Potions
 e - a potion of curing
 m - 2 potions of ambrosia
 z - a potion of cancellation
Books
 v - a book of Enchantments

   Spells                             Type                      Level
   a - Cause Fear                     Hexes                        4
   b - Silence                        Hexes/Air                    5
   c - Deflect Missiles               Charms/Air                   6
   d - Haste                          Charms                       6
   e - Discord                        Hexes                        8
 M - a book of Spatial Translocations

   Spells                             Type                      Level
   a - Apportation                    Translocation                1
   b - Blink                          Translocation                2
   c - Shroud of Golubria             Charms/Translocation         2
   d - Portal Projectile              Translocation                3
   e - Teleport Other                 Translocation                3
   f - Passage of Golubria            Translocation                4
Comestibles
 c - 3 bread rations
 j - 2 beef jerkies
 r - 2 meat rations
 D - a slice of pizza


   Skills:
 + Level 5.8 Fighting
 + Level 2.6 Long Blades
 + Level 3.5 Axes
 + Level 0.5(1.0) Slings
 + Level 1.1(1.2) Throwing
 + Level 5.2 Armour
 + Level 4.3 Dodging
 + Level 1.0 Stealth
 * Level 1.0 Spellcasting
 * Level 1.6 Translocations
 + Level 3.2 Invocations


You had 7 spell levels left.
You knew the following spells:

 Your Spells              Type           Power        Failure   Level  Hunger
a - Blink                 Tloc           N/A          24%         2    ###....


Dungeon Overview and Level Annotations

Branches:
Dungeon (6/15)             Temple (1/1) D:5

Altars:
Ashenzari
Cheibriados
Dithmenos
Elyvilon
Fedhas
Gozag
Kikubaaqudgha
Makhleb
Nemelex Xobeh
Okawaru
Qazlal
Ru
Sif Muna
Trog
Vehumet
Xom
Yredelemnul
Zin
The Shining One

Shops:
D:5 (   D:6 ?([

Annotations:
Abyss:1 Eustachio, Pikel


Innate Abilities, Weirdness & Mutations

You have hoof-like feet.
You are partially covered in thin metallic scales (AC +2).
A weak demonic guardian rushes to your aid.
Your flesh is heat resistant.


Message History

Press: ? - help, Shift-Dir - straight line, f/p - gnoll shaman
Aim: a gnoll shaman, wielding a whip and wearing a leather armour (heavily wounded, chance to defeat MR: 67%)
The gnoll shaman is devoured by a tear in reality.
Lugonu claims a new guest.
You are feeling hungry.
The gnoll hits you from afar with a spear!
* * * LOW HITPOINT WARNING * * *
The gnoll hits you from afar with a spear.
* * * LOW HITPOINT WARNING * * *
The gnoll hits you from afar with a spear.
* * * LOW HITPOINT WARNING * * *
Press: ? - help, Shift-Dir - straight line, f - gnoll
Aim: a gnoll, wielding a spear (fast, chance to defeat MR: 75%)
You fail to use your ability.
The gnoll closely misses you.
Press: ? - help, Shift-Dir - straight line, f/p - gnoll
Aim: a gnoll, wielding a spear (fast, chance to defeat MR: 75%)
The gnoll struggles to resist.
You are feeling very hungry.
The gnoll hits you from afar with a spear.
You die...

####### ######
#.@.g.#
#....######.###g#
#####........##.# #.#
≈≈≈##.######.##.###.#
≈≈≈≈.....#.......##g#
.∩≈≈.###.##########.#
≈≈≈≈.# #.#<......##.#
≈≈≈#.###.#.......##.#
####.....#....#..##.#


You could see 2 gnolls.

Vanquished Creatures
  The ghost of chonchonts the Sneak, an amateur OpAs (D:4)
  A sky beast (D:6)
  An ogre (D:4)
  An ice beast (D:5)
  A centaur (D:5)
  The ghost of SlimeFever the Insei, an amateur OpTm (D:3)
  A scorpion (D:4)
  A crimson imp (D:5)
  3 orc wizards
  An orc priest (D:6)
  Ijyb (D:2)
  2 worker ants (D:4)
  A centaur skeleton (D:4)
  Terence (D:2)
  A hound (D:6)
  7 gnolls
  8 adders
  A shadow imp (D:5)
  An ooze (D:2)
  2 worms
  5 giant geckos
  11 orcs
  4 ball pythons
  3 giant cockroaches
  12 goblins
  7 hobgoblins
  9 jackals
  A quokka (D:2)
  A ball python zombie (D:5)
  10 bats
  A giant cockroach zombie (D:5)
  4 giant newts
  8 kobolds
  A quokka zombie (D:5)
  10 rats
124 creatures vanquished.

Vanquished Creatures (collateral kills)
  A centaur (D:5)
  An orc priest (D:6)
  A gnoll shaman (D:4)
  An adder (D:5)
  A rat (D:3)
5 creatures vanquished.

Vanquished Creatures (others)
  A gnoll shaman (D:6)
  A giant frog skeleton (D:4)
  A giant cockroach (D:4)
3 creatures vanquished.

Grand Total: 132 creatures vanquished

Notes
Turn   | Place    | Note
--------------------------------------------------------------
     0 | Abyss:1  | dvd the Demonspawn Abyssal Knight began the quest for the Orb.
     0 | Abyss:1  | Reached XP level 1. HP: 18/18 MP: 2/2
   127 | Abyss:1  | Noticed a small abomination
   148 | Abyss:1  | Noticed a small abomination
   149 | D:1      | Escaped the Abyss
   482 | D:1      | Reached * piety under Lugonu
   554 | D:1      | Gained mutation: You are partially covered in thin metallic scales (AC +2). [demonic ancestry]
   554 | D:1      | Reached XP level 2. HP: 21/24 MP: 3/3
   958 | D:1      | Reached skill level 1 in Dodging
  1190 | D:1      | Gained mutation: A weak demonic guardian rushes to your aid. [demonic ancestry]
  1190 | D:1      | Reached XP level 3. HP: 29/29 MP: 5/5
  1294 | D:2      | Found a sparkling altar of Nemelex Xobeh.
  1554 | D:2      | Noticed Terence
  1578 | D:2      | Killed Terence
  1578 | D:2      | Gained mutation: You have large cloven feet. [demonic ancestry]
  1578 | D:2      | Reached XP level 4. HP: 24/37 MP: 6/6
  1713 | D:2      | Noticed Ijyb
  1772 | D:2      | Reached ** piety under Lugonu
  2048 | D:2      | Killed Ijyb
  2394 | D:3      | Gained mutation: Your flesh is heat resistant. [demonic ancestry]
  2394 | D:3      | Reached XP level 5. HP: 40/42 MP: 7/7
  2427 | D:3      | Reached skill level 4 in Fighting
  2673 | D:3      | Found an iron altar of Okawaru.
  2812 | D:3      | Noticed SlimeFever's ghost (amateur OpTm)
  2830 | D:3      | Killed SlimeFever's ghost
  2830 | D:3      | Gained mutation: You have hoof-like feet. [demonic ancestry]
  2830 | D:3      | Reached XP level 6. HP: 40/48 MP: 8/8
  3080 | D:4      | Reached *** piety under Lugonu
  3080 | D:4      | Reached skill level 1 in Long Blades
  3767 | D:4      | Reached XP level 7. HP: 53/55 MP: 9/9
  4047 | D:4      | Noticed Pikel
  4077 | D:4      | Banished Pikel
  4077 | D:4      | Reached skill level 5 in Fighting
  4077 | D:4      | Reached skill level 1 in Throwing
  4380 | D:4      | Noticed chonchonts's ghost (amateur OpAs)
  4396 | D:4      | Killed chonchonts's ghost
  4396 | D:4      | Reached XP level 8. HP: 58/62 MP: 10/10
  4704 | D:4      | Reached skill level 5 in Armour
  4726 | D:5      | Entered Level 5 of the Dungeon
  4727 | D:5      | Found a staircase to the Ecumenical Temple.
  4944 | D:5      | Learned a level 2 spell: Blink
  4955 | D:5      | Noticed Eustachio
  4958 | D:5      | Banished Eustachio
  4994 | D:5      | Found Tulokell's Weapon Shop.
  5664 | D:6      | Reached skill level 1 in Translocations
  5680 | Temple   | Entered the Ecumenical Temple
  5795 | D:6      | Found Retirgh's Antique Armour Shop.
  5834 | D:6      | Found Qisekh's Magic Scroll Shop.
  5842 | D:6      | Found Yddarchu's Antique Weapon Boutique.
  5914 | D:6      | Reached skill level 1 in Spellcasting
  6240 | D:6      | Reached skill level 1 in Stealth
  6265 | D:6      | Slain by a gnoll

Action                   |  1- 3 |  4- 6 |  7- 9 || total
-------------------------+-------+-------+-------++-------
Melee: Hand axe          |   118 |    76 |       ||   194
       Falchion          |       |   141 |   131 ||   272
       Dagger            |       |    17 |       ||    17
       Hunting sling     |       |     2 |       ||     2
       War axe           |       |    33 |    48 ||    81
 Fire: Hunting sling     |       |     5 |       ||     5
Throw: Javelin           |       |    10 |       ||    10
       Tomahawk          |       |       |    11 ||    11
Invok: Depart the Abyss  |     1 |       |       ||     1
       Banish            |       |       |     5 ||     5
Evoke: Wand              |       |       |     1 ||     1
  Use: Potion            |       |     5 |     6 ||    11
       Scroll            |       |     1 |    10 ||    11
  Eat: Chunk             |     2 |     6 |     7 ||    15
       Bread ration      |       |     1 |       ||     1
